 Dungeon Crawl Stone Soup version 0.32-a0-876-gcfddb08e57 (webtiles) character file.

Game seed: 2112819442245155829

67 Fodor the Covered (level 4, -1/40 HPs)
             Began as a Minotaur Fighter on Mar 31, 2024.
             Killed from afar by Sigmund (4 damage)
             ... with a puff of flame
             ... on level 2 of the Dungeon.
             The game lasted 00:05:02 (1396 turns).

Fodor the Covered (Minotaur Fighter)                Turns: 1396, Time: 00:05:03

Health: -1/40      AC:  7    Str: 22 (23) XL:     4   Next: 0%
Magic:  3/3        EV:  8    Int:  3 (5)  God:
Gold:   84         SH:  4    Dex:  7 (9)  Spells: 3/3 levels left

rFire   . . .        a - +0 war axe
rCold   . . .        c - +0 buckler
rNeg    . . .        b - +0 scale mail
rPois   .            (helmet restricted)
rElec   .            (no cloak)
rCorr   .            (no gloves)
SInv    .            (no boots)
Will    .....        (no amulet) Stlth
                     (no ring)
HPRegen 0.26/turn    (no ring)
MPRegen 0.08/turn

%: no passive effects
@: no status effects
A: horns 2, retaliatory headbutt
a: no special abilities


You were on level 2 of the Dungeon.
You visited 1 branch of the dungeon, and saw 2 of its levels.

You collected 84 gold pieces.

Inventory:

Hand Weapons
 a - a +0 war axe (weapon)
Missiles
 g - 5 boomerangs (quivered)
Armour
 b - a +0 scale mail (worn)
 c - a +0 buckler (worn)
Jewellery
 f - a ring of willpower
Scrolls
 e - 3 scrolls of identify {unknown}
 i - a scroll of teleportation {unknown}
Potions
 d - a potion of might


   Skills:
 + Level 4.1 Fighting
 + Level 3.0 Axes
 + Level 1.1 Throwing
 + Level 4.3 Armour
 + Level 0.3 Dodging
 + Level 0.1 Stealth
 + Level 4.1 Shields


You had 3 spell levels left.
You didn't know any spells.
Your spell library contained the following spells:

 Spells                   Type           Power      Damage    Failure   Level
 Frozen Ramparts          Ice            0%         1d1       99%         3
 Ozocubu's Armour         Ice            0%         N/A       99%         3
 Metabolic Englaciation   Hex/Ice        0%         N/A       100%        5


Dungeon Overview and Level Annotations

Branches:
Dungeon (2/15)

Altars:
Okawaru

Annotations:
D:2 Sigmund


Innate Abilities, Weirdness & Mutations

You have a pair of horns on your head.
You reflexively headbutt those who attack you in melee.


Message History

Something hits you but does no damage.
You have reached level 4!
You feel stronger. Something hits you but does no damage.
You miss something. Something hits you but does no damage.
You miss something. Something hits you but does no damage.
You miss something. You hit something. Your headbutt misses something.
Something hits you but does no damage.
You completely miss something. Something hits you!
You closely miss something. Your headbutt misses something.
Something hits you but does no damage.
You hit something but do no damage. Something hits you.
You closely miss something. Your headbutt misses something. Something hits you!
You slash something!
You hear some strange, mumbled words.
You are confused.
Something hits you!
* * * LOW HITPOINT WARNING * * *
Something hits you but does no damage. Something hits you.
* * * LOW HITPOINT WARNING * * *
Something hits you.
* * * LOW HITPOINT WARNING * * *
It was a potion of degeneration.
There was something very wrong with that liquid.
You feel weakened.
You feel dopey.
You feel clumsy.
You feel less confused. Something hits you but does no damage.
A magic dart appears from out of thin air!
The magic dart hits you but does no damage.
Found an iron altar of Okawaru.
You open the door.
A puff of flame appears from out of thin air!
The puff of flame hits you.
* * * LOW HITPOINT WARNING * * *
There is an open door here.
A puff of flame appears from out of thin air!
The puff of flame hits you.
You die...

........!......#..##......
_..............# .##....>.
..............## .##.<....
...............# #......
##.....{......# #......
#[.....:....!# ####...
...#+####'####.# #### ..
#.####.# #@.....#
.......####### ##.....
...#### ..


There were no monsters in sight!

Vanquished Creatures
  Jessica (D:2)
  A dart slug (D:1)
  3 ball pythons
  2 endoplasms (D:1)
  2 giant cockroaches (D:1)
  2 goblins
  6 hobgoblins
  2 kobolds (D:1)
  3 quokkas
  6 bats (D:1)
  2 frilled lizards (D:1)
  7 rats (D:1)
37 creatures vanquished.

Notes
Turn   | Place    | Note
-------+----------+-------------------------------------------
     0 | D:1      | Fodor the Minotaur Fighter began the quest for the Orb.
     0 | D:1      | Reached XP level 1. HP: 19/19 MP: 0/0
   206 | D:1      | Reached XP level 2. HP: 27/27 MP: 1/1
  1021 | D:1      | Reached XP level 3. HP: 33/33 MP: 2/2
  1327 | D:2      | Found a faded altar of an unknown god.
  1346 | D:2      | Noticed Jessica
  1355 | D:2      | Killed Jessica
  1356 | D:2      | Reached skill level 1 in Throwing
  1364 | D:2      | Noticed Sigmund
  1372 | D:2      | Reached XP level 4. HP: 34/40 MP: 3/3
  1391 | D:2      | Found an iron altar of Okawaru.
  1394 | D:2      | HP: 2/40 [something/puff of flame (4)]
  1396 | D:2      | Killed from afar by Sigmund

Illustrated notes

Levels and vault maps discovered:
D:1:      dpeg_arrival_boxes_within_box, layout_basic, st_stairs_3
D:2:      layout_basic, basic_ecumenical_altar, basic_altar, minmay_3d_cube,
          uniq_jessica, uniq_sigmund

Skill      XL: |  1  2  3 |
---------------+----------+-----
Armour         | 4 |  4.3
Shields        | 4 |  4.1
Fighting       | 4 |  4.1
Axes           | 3 |  3.0
Throwing       | 1 |  1.1
Dodging        | |  0.3
Stealth        | |  0.1

Action                     |  1- 3 |  4- 6 || total
---------------------------+-------+-------++-------
  Melee: War axe           |    56 |     9 ||    65
         Headbutt          |     7 |       ||     7
  Throw: Boomerang         |    38 |       ||    38
    Use: Potion            |       |     1 ||     1
 Armour: Scale mail        |    55 |    16 ||    71
  Dodge: Dodged            |    28 |       ||    28
  Block: Buckler           |    13 |       ||    13

Table legend: (Time is in decaauts)
 A = Elapsed time spent in this place.
 B = Non-inter-level travel time spent in this place.
 C = Inter-level travel time spent in this place.
 D = Time resting spent in this place.
 E = Time spent auto-exploring this place.
 F = Levels seen in this place.
 G = Mean time per level.
                   A        B        C        D        E       F      G
               +--------+--------+--------+--------+--------+-----+--------+
         Total |   1432 |   1423 |      9 |    400 |    667 |   2 |  716.0 |
       Dungeon |   1432 |   1423 |      9 |    400 |    667 |   2 |  716.0 |
               +--------+--------+--------+--------+--------+-----+--------+

Top non-repeatable levels by time:
     D:1: 1265 daAuts
     D:2: 167 daAuts
